 Dungeon Crawl Stone Soup version 0.29.1-12-g30fa7ad0bf (webtiles) character file.

Game seed: 11920876084741750355

12208 MacCMillion the Nimble (level 11, -2/75 HPs)
             Began as a Merfolk Ice Elementalist on Jan 16, 2023.
             Was an Elder of Hepliaklqana.
             Slain by a seven-headed hydra (8 damage)
             ... on level 1 of the Lair of Beasts.
             The game lasted 00:36:26 (15409 turns).

MacCMillion the Nimble (Merfolk Ice Elementalist)  Turns: 15409, Time: 00:36:27

Health: -2/75      AC:  5    Str:  8    XL:     11   Next: 89%
Magic:  5/17       EV: 20    Int: 18    God:    Hepliaklqana [****..]
Gold:   445        SH:  0    Dex: 16    Spells: 7/18 levels left

rFire   . . .      SeeInvis +   Y - +4 short sword
rCold   . . .      Faith    .   (no shield)
rNeg    . . .      Spirit   .   T - +0 steam dragon scales
rPois   +          Reflect  .   (no helmet)
rElec   .          Harm     .   (no cloak)
rCorr   .          Rampage  .   (no gloves)
Will    .....                   (no boots)
Stlth   +++.......              f - amulet of magic regeneration
HPRegen 0.22/turn               n - ring of see invisible
MPRegen 0.55/turn               r - ring of poison resistance

@: lethally poisoned (-2 -> -14), about to teleport
A: reduced essence, (nimble swimmer 2), mertail
a: Renounce Religion, Recall Ancestor, Ancestor Identity, Transference, Idealise


You were on level 1 of the Lair of Beasts.
You worshipped Hepliaklqana.
Hepliaklqana was greatly pleased with you.
You visited 3 branches of the dungeon, and saw 13 of its levels.
You also visited: Ossuary.

You collected 505 gold pieces.
You spent 60 gold pieces at shops.

Inventory:

Hand Weapons
 h - a +0 dagger
 s - a +3 flail of holy wrath
 Y - a +4 short sword (weapon)
Missiles
 K - 4 curare-tipped darts
 M - 22 poisoned darts
 O - 6 atropa-tipped darts
Armour
 a - a +1 robe
 C - a +2 helmet
 P - +0 acid dragon scales
 R - a +0 pair of gloves
 T - +0 steam dragon scales (worn)
Magical Staves
 k - a staff of poison
 Q - a staff of conjuration
Jewellery
 c - an amulet of reflection
 f - an amulet of magic regeneration (around neck)
 g - a ring of protection from cold
 l - an amulet of faith
 n - a ring of see invisible (left hand)
 r - a ring of poison resistance (right hand)
 v - a +4 ring of protection
 w - a +4 ring of evasion
 E - a ring of protection from fire
 J - a +4 ring of evasion
Wands
 q - a wand of paralysis (6)
 y - a wand of iceblast (6)
 H - a wand of polymorph (12)
 U - a wand of mindburst (18)
 Z - a wand of digging (9)
Scrolls
 d - a scroll of magic mapping
 e - a scroll of vulnerability
 j - 3 scrolls of teleportation
 p - a scroll of enchant armour
 t - a scroll of blinking
 x - 2 scrolls of butterflies
 F - a scroll of poison
 G - 2 scrolls of enchant weapon
 L - a scroll of noise {unknown}
 N - a scroll of fear {unknown}
 V - a scroll of identify
Potions
 b - a potion of magic
 i - 2 potions of attraction
 m - 5 potions of haste
 o - 4 potions of curing
 u - 2 potions of cancellation
 z - a potion of invisibility
 A - 2 potions of lignification
 B - 3 potions of mutation
 D - 4 potions of heal wounds
 I - 2 potions of resistance
 W - 2 potions of might {unknown}
 X - a potion of brilliance {unknown}
Miscellaneous
 S - a phial of floods


   Skills:
 - Level 7.0 Fighting
 + Level 14.1 Dodging
 - Level 5.0 Stealth
 - Level 4.0 Spellcasting
 - Level 5.0 Conjurations
 - Level 13.0 Ice Magic


You had 7 spell levels left.
You knew the following spells:

 Your Spells              Type           Power      Damage    Failure   Level
a - Freeze                Ice            100%       1d11      1%          1
b - Frozen Ramparts       Ice            100%       1d16      1%          3
c - Ozocubu's Armour      Ice            50%        N/A       1%          3
d - Hailstorm             Conj/Ice       36%        3d9       3%          4

Your spell library contained the following spells:

 Spells                   Type           Power      Damage    Failure   Level
 Slow                     Hex            12%        N/A       14%         1
 Summon Small Mammal      Summ           12%        N/A       14%         1
 Call Canine Familiar     Summ           3%         N/A       41%         3
 Confusing Touch          Hex            3%         N/A       41%         3
 Gell's Gravitas          Tloc           3%         N/A       41%         3
 Lesser Beckoning         Tloc           3%         N/A       41%         3
 Summon Guardian Golem    Hex/Summ       3%         N/A       41%         3
 Teleport Other           Tloc           3%         N/A       41%         3
 Vampiric Draining        Necr           3%         2d6       41%         3


Dungeon Overview and Level Annotations

Branches:
Dungeon (11/15)            Temple (1/1) D:5            Lair (1/5) D:9
Ossuary (visited)
    Orc: D:9-12

Altars:
Ashenzari
Cheibriados
Dithmenos
Elyvilon
Fedhas
Gozag
Hepliaklqana
Kikubaaqudgha
Makhleb
Nemelex Xobeh
Okawaru
Qazlal
Ru
Sif Muna
Trog
Uskayaw
Vehumet
Wu Jian
Xom
Yredelemnul
Zin
The Shining One

Shops:
D:6 !   D:9 [

Annotations:
D:3 2 transporters, MacCMillion's ghost, amateur MfIE
D:4 2 transporters, Zippel's ghost, amateur DrCj
D:6 exclusion: 2 doors
D:7 1 runed translucent door, Crazy Yiuf
D:9 exclusion: two-headed ogre


Innate Abilities, Weirdness & Mutations

Your life essence is reduced to manifest your ancestor. (-10% HP)
((You are very nimble when in or above water. (Stealth+, EV+, Speed+++)))
Your lower body shifts to a powerful aquatic tail in water.


Message History

Casting: Hailstorm (dangerous; 3% risk of failure)
Confirm with . or Enter, or press ? or * to list all spells.
Casting: Hailstorm (dangerous; 3% risk of failure)
Press: ? - help, Dir - look around, f - activate A cannonade of hail descends around you!
The hail pelts the seven-headed hydra!
The seven-headed hydra is heavily wounded.
You feel very sick. The cane toad completely misses you.
Unknown command.
Casting: Hailstorm (dangerous; 3% risk of failure)
Confirm with . or Enter, or press ? or * to list all spells.
Okay, then.
As you read the scroll of teleportation, it crumbles to dust.
You feel strangely unstable.
You feel very sick. The cane toad closely misses you.
The seven-headed hydra bites you!
The seven-headed hydra closely misses you.
The seven-headed hydra bites you but does no damage.
The seven-headed hydra bites you.
The seven-headed hydra closely misses you.
The seven-headed hydra bites you. The seven-headed hydra bites you!
Unknown command.
Your icy armour will break if you move.
Continue?
Your icy armour cracks and falls away as you move.
You feel very sick. The cane toad stings you!
* * * LOW HITPOINT WARNING * * *
The cane toad barely misses you.
The seven-headed hydra attacks as you move away!
The seven-headed hydra misses you.
The seven-headed hydra barely misses you.
The seven-headed hydra bites you!
* * * LOW HITPOINT WARNING * * *
The seven-headed hydra bites you.
* * * LOW HITPOINT WARNING * * *
The seven-headed hydra misses you.
The seven-headed hydra completely misses you.
The seven-headed hydra bites you!
You die...

#
..................##
#
.........>........##
#
...................#
..#
...................##
###
...................P#
#
...................##
.................###
........FD......##
#........@....###
P...........###
##.P#.....### #.
##..### ####


You could see a seven-headed hydra and a cane toad.

Vanquished Creatures
  Erica (D:8)
  A two-headed ogre (D:9)
  Amaemon (Lair:1)
  Pikel (D:8)
  Joseph (D:9)
  A black mamba (Lair:1)
  A komodo dragon (Lair:1)
  Grinder (D:6)
  A troll (D:10)
  A wyvern (D:10)
  2 yaks (D:8)
  A wraith (D:10)
  A steam dragon (D:8)
  2 water moccasins
  5 orc warriors
  A sky beast (D:6)
  An ice beast (D:5)
  3 ogres (D:5)
  A centaur (D:7)
  2 lemures
  Blork the orc (D:4)
  A bullfrog (D:7)
  2 elf zombies (Ossuary)
  A necrophage (D:5)
  4 scorpions
  A water moccasin zombie (D:6)
  9 wights (D:6)
  5 killer bees (D:8)
  4 howler monkeys
  A bullfrog zombie (D:6)
  A crimson imp (D:7)
  2 centaur zombies (Ossuary)
  A hound (D:5)
  3 jellies
  2 orc priests
  9 iguanas
  Terence (D:3)
  5 orc wizards
  3 mummies
  A howler monkey zombie (D:6)
  6 gnolls (D:5)
  6 adders
  A white imp (D:6)
  An ufetubus (D:4)
  5 dart slugs
  13 orcs
  4 bats
  6 endoplasms
  2 giant cockroaches (D:1)
  4 goblins
  5 hobgoblins
  4 jackals (D:2)
  13 kobolds
  4 quokkas
  7 ball pythons
  A frilled lizard (D:2)
  3 hobgoblin zombies (Ossuary)
  6 kobold zombies (Ossuary)
  6 orc zombies (Ossuary)
  5 rats
188 creatures vanquished.

Vanquished Creatures (collateral kills)
  Maurice (D:9)
  An orange demon (Lair:1)
  A rime drake (Lair:1)
  A komodo dragon (Lair:1)
  Prince Ribbit (D:7)
  A yak (D:8)
  3 wraiths
  A wyvern (D:9)
  A basilisk (Lair:1)
  A steam dragon (D:9)
  2 vampire mosquitoes (D:10)
  2 acid dragons
  A water moccasin (D:7)
  A lemure (D:8)
  4 centaurs
  2 kobold brigands
  6 bullfrogs
  A necrophage (D:6)
  A scorpion (D:6)
  A water moccasin zombie (D:5)
  A wight (D:6)
  2 killer bees (D:8)
  2 howler monkeys (D:9)
  2 centaur zombies
  A human zombie (D:6)
  2 jellies
  An orc priest (D:7)
  2 orc wizards (D:8)
  3 mummies
  2 shadow imps
  2 white imps
  An adder zombie (Ossuary)
  10 orcs
  6 hobgoblin zombies (Ossuary)
  4 jackal zombies (Ossuary)
  2 kobolds (D:10)
  4 kobold zombies (Ossuary)
  3 orc zombies (Ossuary)
83 creatures vanquished.

Vanquished Creatures (others)
  A knight (Lair:1)
  6 ancestors (D:6)
7 creatures vanquished.

Grand Total: 278 creatures vanquished

Notes
Turn   | Place    | Note
-------+----------+-------------------------------------------
     0 | D:1      | MacCMillion the Merfolk Ice Elementalist began the quest
                  | for the Orb.
     0 | D:1      | Reached XP level 1. HP: 13/13 MP: 3/3
   282 | D:1      | Reached XP level 2. HP: 19/19 MP: 1/5
   404 | D:1      | Reached skill level 5 in Ice Magic
   653 | D:1      | Reached XP level 3. HP: 24/24 MP: 2/6
   910 | D:2      | Learned a level 3 spell: Frozen Ramparts
  1138 | D:2      | Reached XP level 4. HP: 18/30 MP: 2/7
  1858 | D:3      | Noticed Terence
  2028 | D:3      | Killed Terence
  2029 | D:3      | Reached XP level 5. HP: 6/35 MP: 1/8
  3011 | D:3      | Found a transporter.
  3014 | D:3      | Found a transporter.
  3015 | D:3      | Noticed MacCMillion's ghost (amateur MfIE)
  3078 | D:3      | Found a glowing golden altar of the Shining One.
  3078 | D:3      | Found a white marble altar of Elyvilon.
  3078 | D:3      | Found a glowing silver altar of Zin.
  3081 | D:3      | Became a worshipper of Elyvilon the Healer
  3129 | D:4      | Reached XP level 6. HP: 32/41 MP: 2/10
  3204 | D:4      | Found a transporter.
  3573 | D:4      | Learned a level 3 spell: Ozocubu's Armour
  3956 | D:4      | Noticed Blork the orc
  3965 | D:4      | Killed Blork the orc
  3966 | D:4      | Reached XP level 7. HP: 37/46 MP: 8/12
  4070 | D:4      | Reached * piety under Elyvilon
  4311 | D:4      | Found a sparkling altar of Nemelex Xobeh.
  4389 | D:4      | Found a transporter.
  4392 | D:4      | Noticed Zippel's ghost (amateur DrCj)
  4587 | D:5      | Entered Level 5 of the Dungeon
  4606 | D:5      | Learned a level 4 spell: Hailstorm
  4662 | D:5      | Found a staircase to the Ecumenical Temple.
  4723 | Temple   | Entered the Ecumenical Temple
  4761 | Temple   | Fell from the grace of Elyvilon
  4761 | Temple   | Became a worshipper of Hepliaklqana the Forgotten
  5031 | D:5      | Reached skill level 1 in Conjurations
  5270 | D:5      | Reached XP level 8. HP: 41/52 MP: 11/14
  5553 | D:5      | Reached * piety under Hepliaklqana
  5578 | D:5      | Reached skill level 10 in Ice Magic
  5746 | D:5      | Found a basalt altar of Yredelemnul.
  6010 | D:6      | Noticed Grinder
  6039 | D:6      | Killed Grinder
  6040 | D:6      | Reached XP level 9. HP: 30/51 MP: 13/15
  6113 | D:6      | Found a sand-covered staircase.
  6133 | Ossuary  | Entered an ossuary
  6402 | Ossuary  | Reached skill level 5 in Conjurations
  7130 | D:6      | You fall into a shaft and drop 3 floors!
  7410 | D:8      | Noticed Pikel
  7905 | D:6      | Reached skill level 5 in Stealth
  8104 | D:6      | Found Ludesayt's Distillery.
  8107 | D:6      | Bought a potion of heal wounds for 60 gold pieces
  8312 | D:6      | Found a radiant altar of Vehumet.
  8312 | D:6      | Found an iron altar of Okawaru.
  8486 | D:6      | Reached ** piety under Hepliaklqana
  9042 | D:6      | Reached XP level 10. HP: 56/56 MP: 14/16
  9075 | D:6      | Found an ancient bone altar of Kikubaaqudgha.
  9141 | D:6      | Reached skill level 3 in Dodging
  9162 | D:6      | Reached skill level 1 in Fighting
  9565 | D:7      | Reached skill level 4 in Dodging
  9949 | D:7      | Remembered your ancestor Paser as a knight
 10246 | D:7      | Reached skill level 5 in Dodging
 10863 | D:7      | Found a runed translucent door.
 10864 | D:7      | Noticed Crazy Yiuf
 11055 | D:8      | Noticed Prince Ribbit
 11074 | D:7      | Killed Prince Ribbit
 11330 | D:8      | Killed Pikel
 11331 | D:8      | Reached skill level 6 in Dodging
 11412 | D:8      | Reached *** piety under Hepliaklqana
 11876 | D:8      | Reached skill level 5 in Fighting
 11938 | D:8      | Reached skill level 7 in Dodging
 12075 | D:8      | Noticed Erica
 12568 | D:8      | Reached skill level 8 in Dodging
 12568 | D:8      | Killed Erica
 12569 | D:8      | Reached XP level 11. HP: 52/74 MP: 4/17
 12570 | D:8      | Reached skill level 9 in Dodging
 13003 | D:9      | Found a snail-covered altar of Cheibriados.
 13010 | D:9      | Found a stormy altar of Qazlal.
 13012 | D:9      | Found a burning altar of Makhleb.
 13025 | D:9      | Found a shimmering altar of Xom.
 13042 | D:9      | Found a sacrificial altar of Ru.
 13063 | D:9      | Noticed Joseph
 13073 | D:9      | Killed Joseph
 13074 | D:9      | Reached skill level 10 in Dodging
 13202 | D:9      | Noticed a two-headed ogre
 13316 | D:9      | Found a staircase to the Lair.
 13362 | D:9      | Killed a two-headed ogre
 13402 | D:9      | Found Sack's Armour Boutique.
 13450 | D:9      | Reached skill level 11 in Dodging
 13605 | D:9      | Noticed Maurice
 13613 | D:9      | Killed Maurice
 13873 | D:10     | Entered Level 10 of the Dungeon
 14348 | D:10     | Reached skill level 12 in Dodging
 14514 | D:10     | Reached **** piety under Hepliaklqana
 14909 | D:11     | Noticed a manticore
 14995 | Lair:1   | Entered Level 1 of the Lair of Beasts
 15059 | Lair:1   | Noticed Amaemon
 15085 | Lair:1   | Killed Amaemon
 15086 | Lair:1   | Reached skill level 13 in Dodging
 15317 | Lair:1   | Reached skill level 14 in Dodging
 15398 | Lair:1   | Noticed a seven-headed hydra
 15409 | Lair:1   | Slain by a seven-headed hydra

Illustrated notes

Levels and vault maps discovered:
D:1:      dpeg_arrival_rooms_b, layout_rooms
D:2:      layout_basic, grunt_decor_clamped
D:3:      layout_loops_ring, good_gods_mini_temple, gammafunk_ghost_mausoleum,
          uniq_terence
D:4:      layout_basic, nemelex_xobeh_ov_fountains_minmay,
          gammafunk_ghost_stat_death, nicolae_eternal_life, st_stairs_9,
          roderic_lattice_a, uniq_blork_the_orc
D:5:      layout_cave_pools, lemuel_zombie_altar_yredelemnul,
          minmay_temple_entry_trees
D:6:      kennysheep_big_flooded_room, layout_loops_ring,
          lemuel_mausoleum_altar_kikubaaqudgha, nicolae_overflow_two_pavilions,
          serial_shops, nicolae_shop_behind_doors,
          nicolae_ossuary_entry_false_entrances, minmay_misc_feat_rows,
          uniq_grinder
D:7:      layout_layer_cave, minmay_fire_ice_demons, uniq_crazy_yiuf_cottage
D:8:      layout_cave_pods, serial_column_ruins, column_ruins_courtyard_long,
          column_ruins_hut, column_ruins_columns_straight,
          column_ruins_open_small, column_ruins_open_tiny, column_ruins_grid_1,
          column_ruins_open_tiny, uniq_prince_ribbit1, uniq_erica, uniq_pikel
D:9:      layout_loops_ring, nicolae_overflow_hallway_of_the_gods,
          lair_entry_dummy, serial_shops, nicolae_diamond_shop,
          kennysheep_another_room, uniq_joseph, uniq_maurice
D:10:     layout_basic
D:11:     layout_stronghold, kennysheep_orc_monster_closet_entryway
Temple:   nicolae_temple_ecumenical_triangle
Lair:1:   layout_cave_pods, grunt_megastairs_1, lemuel_fruit_fields,
          serial_bayou_shore_a, uniq_amaemon

Skill      XL: |  1  2  3  4  5  6  7  8  9 10 11 |
---------------+----------------------------------+-----
Ice Magic      | 5 6 7 8 9 10 12 13 | 13.0
Spellcasting   | 3 4 |  4.0
Conjurations   | 2 4 5 |  5.0
Stealth        | 5 |  5.0
Dodging        | 8 14 | 14.1
Fighting       | 6 7 |  7.0

Action                   |  1- 3 |  4- 6 |  7- 9 | 10-12 || total
-------------------------+-------+-------+-------+-------++-------
Melee: Unarmed           |     4 |       |       |       ||     4
       Dagger            |     7 |    18 |     6 |    38 ||    69
       Short sword       |     4 |    10 |       |    13 ||    27
       Flail             |       |       |   172 |    39 ||   211
       Punch             |       |       |     4 |     2 ||     6
 Cast: Freeze            |    41 |    36 |    15 |    10 ||   102
       Frozen Ramparts   |     2 |    14 |    36 |    33 ||    85
       Ozocubu's Armour  |       |     4 |    26 |    28 ||    58
       Hailstorm         |       |       |     7 |    23 ||    30
Invok: Recall Ancestor   |       |       |     2 |     2 ||     4
       Ancestor Life: Kn |       |       |       |     1 ||     1
       Transference      |       |       |       |     1 ||     1
Evoke: Wand              |       |     1 |     3 |       ||     4
  Use: Scroll            |       |       |    15 |     1 ||    16
       Potion            |       |       |       |     1 ||     1
 Stab: Sleeping          |     6 |     3 |     2 |     4 ||    15
       Invisible         |       |     1 |       |       ||     1
       Paralysed         |       |       |     7 |       ||     7
       Distracted        |       |       |     1 |     2 ||     3
Armor: Robe              |    11 |    10 |    60 |    33 ||   114
       Steam dragon scal |       |       |       |    16 ||    16
Dodge: Dodged            |    32 |    30 |   134 |   151 ||   347
Block: Other             |     9 |    15 |       |       ||    24
